[Event "Teplice Open 2022"]
[Site "Teplice"]
[Date "2022.06.24"]
[Round "7.18"]
[White "Santiago, Yago De Moura"]
[Black "Richter, Nils"]
[Result "0-1"]
[ECO "E52"]
[WhiteElo "2498"]
[BlackElo "2359"]
[Annotator "TA"]
[PlyCount "64"]
[EventDate "2022.06.18"]
[EventType "swiss"]
[EventCountry "CZE"]
[SourceTitle "playchess.com"]
[Source "ChessBase"]
[SourceQuality "1"]
[TimeControl "40/5400+30:1800+30"]

1. d4 Nf6 2. c4 e6 3. Nc3 Bb4 4. e3 O-O 5. Bd2 d5 6. Nf3 b6 7. cxd5 exd5 8. Bd3 Bb7 9. Qc2 {[%emt 0:01:12] E52: Nimzo-Indian: Rubinstein: 4...0-0 5 Nf3 d5 6 Bd3 b6.} Be7 10. g4 g6 {[%emt 0:15:07] [#]} 11. h4 $146 {[%emt 0:04:35][%cal Bh2h4,Bh4h5][%mdl 32] White is slightly better.} ({Predecessor:} 11. Rg1 c5 12. h4 Nc6 13. a3 c4 14. Be2 Rb8 15. h5 b5 16. Nxb5 {½-½ (24) Von Scheve,T-Blackburne,J Dresden 1892}) 11... c5 (11... Nxg4 $14 12. h5 Kg7) 12. h5 $1 $16 (12. g5 $6 Ng4 $11) 12... c4 {[%emt 0:01:33] [#]} (12... Nxg4 $2 13. hxg6 h5 14. Bf5 (14. g7 Kxg7 15. O-O-O Rh8 $16) 14... fxg6 15. Bc8 $1 $18 ) 13. Be2 (13. Bxg6 $1 $16 {[%cal Og4g5] Black must now prevent g5!} fxg6 (13... Nc6 14. Bf5) 14. hxg6) 13... Nc6 14. a3 Nxg4 15. hxg6 hxg6 16. e4 (16. Rg1 $16 Bc8 17. e4) 16... dxe4 (16... Na5 $1 $11 {keeps the balance.} 17. exd5 Nb3) 17. Qxe4 Qd7 (17... Nxd4 $2 18. Qxg4 (18. Qxd4 Qxd4 19. Nxd4 Bxh1 $11) 18... Bf6 19. Qh3 Nxf3+ 20. Bxf3 Re8+ {[#]} 21. Ne4 $1 $18 ) 18. d5 (18. Bxc4 Nce5 19. Bd5 (19. Nxe5 Bxe4 20. Nxd7 Bxh1 $11) 19... Bxd5 20. Nxd5 Nd3+ 21. Kf1 (21. Qxd3 Qxd5 22. Rg1 f5 $15) 21... Bd8 22. Qxd3 Qxd5 $14) 18... Bc5 {[%emt 0:05:25] Threatens to win with ...Rfe8.} 19. Be3 $2 {[%emt 0:14:38][%mdl 8192] This move loses the game for White.} (19. dxc6 Bxc6 20. O-O-O (20. Qxc4 Bxf2+ 21. Kf1 Rfe8 $11) 20... Bxe4 $14) (19. Qxc4 $6 Bxf2+ 20. Kf1 Be3 21. dxc6 Bxc6 $11) (19. Qf4 $16 {keeps the pressure on.} Rae8 20. O-O-O (20. dxc6 Bxf2+ 21. Kf1 Bxc6 $11)) 19... Rfe8 $19 20. dxc6 (20. Qxc4 $142 Bxe3 21. fxe3 Nxe3 22. Qa4 (22. dxc6 $2 Bxc6 23. Qd3 Qxd3 $19)) 20... Bxc6 21. Qf4 Rxe3 {[%emt 0:01:39] Dancing on a razor blade.} ({Less strong is} 21... Bxe3 22. fxe3 Rxe3 23. Rd1 $16) (21... Nxe3 {is a self mate.} 22. Qf6) 22. fxe3 Bxe3 {[%emt 0:00:02] This bishop pair is nice. Black is clearly winning.} 23. Qg3 {[%emt 0:00:39] aiming for Rf1.} Bf2+ 24. Qxf2 Nxf2 25. Kxf2 Qf5 26. Rag1 Re8 27. Rg3 Kg7 28. Rd1 b5 29. Kf1 a5 {[%emt 0:00:59][%cal Ba7a5,Ba5b4][%mdl 32] Strongly threatening ...b4.} 30. Rd4 b4 31. axb4 axb4 32. Nd1 {[%emt 0:00:01] [#]} Rxe2 $1 {[%emt 0:01:02][%mdl 512] Weighted Error Value: White=0.69/Black=0.12 (very precise)} 0-1

[Event "Teplice Open 2022"]
[Site "Teplice"]
[Date "2022.06.24"]
[Round "7.19"]
[White "Kochavi, Ori"]
[Black "Raja Harshit"]
[Result "0-1"]
[ECO "B90"]
[WhiteElo "2365"]
[BlackElo "2479"]
[Annotator "TA"]
[PlyCount "60"]
[EventDate "2022.06.18"]
[EventType "swiss"]
[EventCountry "CZE"]
[SourceTitle "playchess.com"]
[Source "ChessBase"]
[SourceQuality "1"]
[TimeControl "40/5400+30:1800+30"]

1. e4 c5 2. Nf3 d6 3. d4 cxd4 4. Nxd4 Nf6 5. Nc3 a6 6. h3 e5 7. Nde2 h5 {[%emt 0:00:43] B90: Sicilian Najdorf: Unusual White 6th moves, 6 Be3 Ng4 and 6 Be3 e5.} 8. Bg5 Be6 9. Bxf6 Qxf6 {[%emt 0:00:04] The position is equal.} 10. Nd5 Qd8 11. Qd3 g6 12. O-O-O Nd7 13. Nec3 Nc5 14. Qe2 b5 15. h4 Rb8 {[%emt 0:07:12] [#] ...b4 is the strong threat.} 16. a3 Bd7 17. g3 a5 {[%emt 0:03:04] [#]} ({But not} 17... Bg4 18. f3 Be6 19. Bg2 $14) 18. b4 $146 ({Predecessor:} 18. Bh3 Bc6 19. b4 Ne6 20. Qd3 Nd4 21. f4 Ra8 22. Rhf1 Bh6 23. Kb2 O-O 24. f5 {½-½ (50) Oparin,G (2625)-Sasikiran,K (2674) Moscow 2017}) 18... axb4 (18... Bg4 $2 19. f3 axb4 20. axb4 $18) 19. axb4 Ne6 (19... Bg4 $2 20. f3 Bd7 21. bxc5 $18) 20. Bh3 Bg7 21. Qd3 O-O 22. Kb2 Nd4 {[%emt 0:14:04] White must now prevent ...Be6.} 23. Bg2 $2 (23. Bxd7 $11 {and White is okay.} Qxd7 24. Ra1) 23... f5 ({Black should play} 23... Be6 $19 {Threatens to win with ...Rc8.} 24. Qe3 Kh7) 24. Rhf1 {[%emt 0:02:11] [#]} (24. Ra1 $11 {keeps the balance.}) 24... Rc8 (24... Be6 $142 $1 {And now ...Rc8 would win.} 25. exf5 gxf5) 25. f4 $2 {[%emt 0:01:55] Loses the game.} (25. Ra1 $17) 25... Rc4 $19 26. exf5 (26. Rf2 $142) 26... gxf5 {[%emt 0:02:32] Strongly threatening ...e4. Black is clearly winning.} 27. fxe5 dxe5 28. Ra1 e4 29. Bxe4 fxe4 30. Qxe4 Nf5 {[%emt 0:05:10] Weighted Error Value: White=0.72/Black=0.16 (very precise)} 0-1